AoeStats
← wolololigma

Yucatan

510454674Analyzed
3v3 RM · 24h ago on Oct 1, 2026· 22m 16s· 6 players
Game mode
Random Map
Map size
Normal (6 player)
Population
200
Speed
Normal
Resources
Standard
Victory
Conquest
Starting age
Dark Age
Ending age
Imperial Age
RankedLock teamsTeams togetherTeam positionsShared explorationLock speedFull tech treeHidden civsTurbo modeCheats
Victory
Defeat
🇺🇸 Armenians · United States
1051
+16
🇨🇦 Jurchens · Canada
1028
+17
🇺🇸 Mongols · United States
1003
+18
🇨🇱 Mongols · Chile
1125
-21
🇺🇸 Ethiopians · United States
1053
-17
🇻🇳 Romans · Vietnam
951
-13
nightinglass
10:32 Feudal Age
9:50 Loom
14:41 Castle Age
13:39 Double-Bit Axe
13:35 Horse Collar
14:21 Gold Mining
15:05 Scale Mail Armor
15:45 Bow Saw
17:27 Squires
17:13 Gambesons
17:43 Forging
19:22 Gold Shaft Mining
19:48 Horse Collar
20:04 Town Watch
20:57 Wheelbarrow
20:52 Heavy Plow
Scoop20
10:17 Feudal Age
14:45 Castle Age
17:02 Loom
17:33 Double-Bit Axe
17:34 Horse Collar
18:13 Fletching
19:33 Horse Collar
21:08 Gold Mining
22:01 Bodkin Arrow
Vk_Kellen
5:16 Loom
11:23 Feudal Age
12:14 Double-Bit Axe
12:11 Horse Collar
11:52 Man-at-Arms
12:48 Long Swordsman
15:23 Scale Mail Armor
15:33 Forging
16:08 Arson
17:21 Town Watch
18:14 Wheelbarrow
phihanoi
0:41 Loom
11:23 Feudal Age
12:44 Wheelbarrow
13:20 Double-Bit Axe
17:23 Horse Collar
17:42 Man-at-Arms
21:26 Castle Age
22:22 Forging
LD$ Tio Bob
5:18 Loom
8:48 Feudal Age
10:47 Double-Bit Axe
13:25 Horse Collar
20:23 Wheelbarrow
wolololigma
3:36 Loom
13:49 Feudal Age
17:57 Man-at-Arms
19:53 Double-Bit Axe
Connection lost

Rejoining the realm…

Still unreachable

The connection could not be restored.

Session expired

The server has moved on; the page needs a fresh start.